 Dungeon Crawl Stone Soup version 0.18.1-5-g4a78601 (webtiles) character file.

121 dracos369 the Poker (level 5, -3/38 HPs)
             Began as a Merfolk Skald on May 13, 2016.
             Slain by a gnoll
             ... wielding a +0 spear
              (5 damage)
             ... on level 3 of the Dungeon.
             The game lasted 00:06:37 (2402 turns).

dracos369 the Poker (Merfolk Skald)                 Turns: 2402, Time: 00:06:39

Health: -3/38      AC:  3    Str: 13    XL:     5   Next: 5%
Magic:  8/8        EV:  6    Int: 11    God:
Gold:   107        SH:  0    Dex: 14    Spells: 3 memorised, 2 levels left

rFire  . . .     SeeInvis .     a - +0 spear
rCold  . . .     Gourm    .     b - +0 leather armour
rNeg   . . .     Faith    .     (no shield)
rPois  .         Spirit   .     (no helmet)
rElec  .         Dismiss  .     (no cloak)
rCorr  .         Reflect  .     (no gloves)
SustAt .         Harm     .     (no boots)
MR     .....                    (no amulet)
Stlth  +.........               (no ring)
                                (no ring)

@: lethally poisoned (-3 -> -5), held, not resistant to hostile enchantments,
very unstealthy
A: change form in water, swift swim
a: no special abilities


You were on level 3 of the Dungeon.
You were not hungry.

You visited 1 branch of the dungeon, and saw 3 of its levels.

You collected 107 gold pieces.

Inventory:

Hand Weapons
 a - a +0 spear (weapon)
Missiles
 h - 7 javelins
 m - 5 exploding tomahawks {=f}
 o - 7 tomahawks (quivered)
Armour
 b - a +0 leather armour (worn)
Wands
 e - a wand of flame (16/48)
Scrolls
 g - 2 scrolls of fog {unknown}
 k - 2 scrolls of remove curse {unknown}
 t - a scroll of identify {unknown}
Potions
 l - a potion of mutation {unknown}
 n - a potion of agility {unknown}
 p - 2 potions of brilliance {unknown}
 q - a potion of flight {unknown}
 s - 2 potions of cure mutation {unknown}
Books
 c - a book of Battle

   Spells                             Type                      Level
   a - Infusion                       Charms                       1
   b - Shroud of Golubria             Charms/Translocation         2
   c - Song of Slaying                Charms                       2
   d - Spectral Weapon                Hexes/Charms                 3
   e - Regeneration                   Charms/Necromancy            3
Comestibles
 d - 2 bread rations
 f - a beef jerky
 i - 2 meat rations
 j - 2 fruits
 r - a slice of pizza


   Skills:
 - Level 2.1 Fighting
 * Level 6.4 Polearms
 - Level 0.6 Armour
 - Level 1.3 Dodging
 - Level 2.1 Spellcasting
 + Level 1.1 Hexes
 + Level 3.7 Charms


You had 2 spell levels left.
You knew the following spells:

 Your Spells              Type           Power        Failure   Level  Hunger
a - Infusion              Chrm           #...         10%         1    ##.....
b - Shroud of Golubria    Chrm/Tloc      #.........   30%         2    ###....
c - Spectral Weapon       Hex/Chrm       #.......     50%         3    ####...


Dungeon Overview and Level Annotations

Branches:
Dungeon (3/15)

Altars:
Nemelex Xobeh


Message History

The adder bites you. The adder bites you but does no damage.
The gnoll barely misses you.
The gnoll throws a throwing net.
The throwing net hits you.
You become entangled in the net!
You see here a throwing net.
You try to slip out of the net.
You feel sick. The adder barely misses you.
The gnoll hits you from afar with a spear.
* * * LOW HITPOINT WARNING * * *
The gnoll closely misses you.
You try to slip out of the net.
The adder bites you but does no damage.
The gnoll hits you from afar with a spear.
* * * LOW HITPOINT WARNING * * *
The adder barely misses you.
You struggle against the net.
* * * LOW HITPOINT WARNING * * *
You feel sick. The gnoll hits you with a club.
* * * LOW HITPOINT WARNING * * *
The adder closely misses you.
The gnoll hits you from afar with a spear.
You die...

#........#
#........#
#........#
#.g......#
#........#
##+######g.......#
#................#
#....g...........#
#...@Sg....#+#####
#..........#
#..........#.
##'##........#
#.########.... #.#
.##.# #.##### .# #
#.....# #..<#.#


You could see 3 gnolls and an adder.

Vanquished Creatures
  Ijyb (D:1)
  4 adders
  3 worms (D:2)
  2 dart slugs
  A giant gecko (D:2)
  A giant cockroach (D:2)
  9 goblins
  5 hobgoblins
  2 jackals (D:1)
  7 bats
  A giant newt (D:2)
  6 kobolds
  7 rats
49 creatures vanquished.

Notes
Turn   | Place    | Note
--------------------------------------------------------------
     0 | D:1      | dracos369 the Merfolk Skald began the quest for the Orb.
     0 | D:1      | Reached XP level 1. HP: 16/16 MP: 3/3
   107 | D:1      | Reached XP level 2. HP: 22/22 MP: 5/5
   177 | D:1      | Learned a level 2 spell: Shroud of Golubria
   221 | D:1      | Reached skill level 4 in Polearms
   247 | D:1      | Found a sparkling altar of Nemelex Xobeh.
   846 | D:2      | Noticed Ijyb
   890 | D:1      | Reached XP level 3. HP: 13/27 MP: 0/6
   912 | D:1      | Killed Ijyb
   912 | D:1      | Reached skill level 5 in Polearms
   912 | D:1      | Reached XP level 4. HP: 18/33 MP: 1/7
  1050 | D:1      | Learned a level 3 spell: Spectral Weapon
  1069 | D:2      | Reached skill level 6 in Polearms
  1994 | D:2      | Reached skill level 1 in Hexes
  1994 | D:2      | Reached XP level 5. HP: 10/38 MP: 2/8
  2402 | D:3      | Slain by a gnoll

Skill      XL: |  1  2  3  4 |
---------------+-------------+-----
Polearms       | 4 5 6 |  6.4
Hexes          | 1 |  1.1
Fighting       | |  2.1
Armour         | |  0.6
Dodging        | |  1.3
Spellcasting   | |  2.1
Charms         | |  3.7

Action                   |  1- 3 |  4- 6 || total
-------------------------+-------+-------++-------
Melee: Spear             |    97 |   131 ||   228
Throw: Javelin           |     6 |       ||     6
 Cast: Infusion          |     1 |     3 ||     4
       Shroud of Golubri |     1 |       ||     1
  Use: Potion            |     1 |       ||     1
 Stab: Sleeping          |     1 |       ||     1
  Eat: Chunk             |       |     5 ||     5
Armor: Leather armour    |    32 |    20 ||    52
Dodge: Dodged            |    56 |    45 ||   101
